 Dungeon Crawl Stone Soup version 0.29.1-14-g9c671dbff4 (webtiles) character file.

Game seed: 4632932154064274771

1049 Heoruswealwe the Caller (level 8, -2/43 HPs)
             Began as a Deep Elf Summoner on Feb 15, 2023.
             Was a Follower of Sif Muna.
             Killed from afar by an acid dragon (32 damage)
             ... with a splash of acid
             ... on level 6 of the Dungeon on Feb 16, 2023.
             The game lasted 01:48:49 (6075 turns).

Heoruswealwe the Caller (Deep Elf Summoner)         Turns: 6075, Time: 01:48:54

Health: -2/43      AC:  5    Str:  5    XL:     8   Next: 5%
Magic:  12/15      EV: 13    Int: 23    God:    Sif Muna [*.....]
Gold:   193        SH:  0    Dex: 15    Spells: 8/16 levels left

rFire   + . .      SeeInvis .   u - +2 dagger (speed)
rCold   . . .      Faith    .   (no shield)
rNeg    . . .      Spirit   .   c - +0 robe
rPois   +          Reflect  .   C - +0 hat
rElec   .          Harm     .   J - +0 cloak
rCorr   .          Rampage  .   y - +0 pair of gloves
Will    ++...                   i - +2 pair of boots
Stlth   ++........              T - amulet of regeneration
HPRegen 0.94/turn               l - ring of willpower
MPRegen 0.14/turn               r - ring of willpower

@: corroded
A: iridescent scales 1, fire resistance 1, low MP 1, poison resistance
a: Renounce Religion, Channel Magic


You were on level 6 of the Dungeon.
You worshipped Sif Muna.
Sif Muna was aware of your devotion.
You visited 2 branches of the dungeon, and saw 7 of its levels.

You collected 193 gold pieces.

Inventory:

Hand Weapons
 a - a +0 dagger
 d - a +0 short sword
 f - a +0 whip
 g - a +0 quarterstaff
 h - a +0 club
 k - a +0 hand axe
 n - a +0 trident
 u - a +2 dagger of speed (weapon)
Missiles
 m - a throwing net
Armour
 c - a +0 robe (worn)
 e - a +0 ring mail
 i - a +2 pair of boots (worn)
 y - a +0 pair of gloves (worn)
 C - a +0 hat (worn)
 J - a +0 cloak (worn)
 P - a +0 robe
Jewellery
 l - a ring of willpower (left hand)
 r - a ring of willpower (right hand)
 T - an amulet of regeneration (around neck)
Wands
 M - a wand of digging (6)
 U - a wand of mindburst (27)
Scrolls
 t - 3 scrolls of immolation
Potions
 b - a potion of magic
 p - 3 potions of flight
 s - 2 potions of curing
 z - 2 potions of cancellation
 R - a potion of might


   Skills:
 + Level 1.4 Fighting
 + Level 1.2 Long Blades
 + Level 3.4 Dodging
 + Level 3.5 Stealth
 * Level 4.8 Spellcasting
 + Level 2.1 Conjurations
 + Level 2.5 Hexes
 * Level 5.5 Summonings
 + Level 1.8 Necromancy
 + Level 2.1 Translocations
 + Level 1.7 Transmutations
 + Level 2.0 Fire Magic
 + Level 2.1 Ice Magic
 + Level 1.8 Air Magic
 + Level 1.9 Earth Magic
 + Level 2.1 Poison Magic
 + Level 1.7 Invocations
 + Level 1.7 Evocations


You had 8 spell levels left.
You knew the following spells:

 Your Spells              Type           Power      Damage    Failure   Level
a - Summon Small Mammal   Summ           100%       N/A       1%          1
b - Call Canine Familiar  Summ           30%        N/A       3%          3
c - Ensorcelled Hibernat  Hex/Ice        32%        N/A       5%          2
d - Passwall              Tmut/Erth      10%        N/A       7%          2

Your spell library contained the following spells:

 Spells                   Type           Power      Damage    Failure   Level
 Call Imp                 Summ           30%        N/A       1%          2
 Sting                    Tmut/Pois      56%        1d5       4%          1
 Summon Guardian Golem    Hex/Summ       23%        N/A       5%          3
 Poisonous Vapours        Pois/Air       28%        N/A       6%          2
 Swiftness                Air            13%        N/A       14%         3
 Summon Lightning Spire   Summ/Air       22%        N/A       22%         4
 Olgreb's Toxic Radiance  Pois           15%        N/A       38%         4


Dungeon Overview and Level Annotations

Branches:
Dungeon (6/15)             Temple (1/1) D:4

Altars:
Ashenzari
Elyvilon
Fedhas
Kikubaaqudgha
Makhleb
Nemelex Xobeh
Okawaru
Qazlal
Ru
Sif Muna
Uskayaw
Vehumet
Wu Jian
Zin


Innate Abilities, Weirdness & Mutations

You are partially covered in iridescent scales. (AC +2)
Your flesh is heat resistant. (rF+)
Your magical capacity is low. (-10% MP)
Your system is resistant to poisons. (rPois)


Message History

You hit the acid dragon but do no damage.
The acid dragon is lightly wounded.
Your hound bites the acid dragon.
You barely miss the acid dragon.
The acid dragon is lightly wounded.
The acid dragon bites you! The acid dragon misses you.
Your hound closely misses the acid dragon.
You hit the acid dragon.
The acid dragon is moderately wounded.
The acid dragon closely misses you. The acid dragon barely misses you.
You closely miss the acid dragon.
The acid dragon is moderately wounded.
Your hound bites the acid dragon.
You hit the acid dragon.
The acid dragon is moderately wounded.
Your hound barely misses the acid dragon.
The acid dragon barely misses you. The acid dragon closely misses you.
You barely miss the acid dragon.
The acid dragon is moderately wounded.
Your hound bites the acid dragon.
The acid dragon barely misses you.
The acid dragon claws you but does no damage.
You hit the acid dragon but do no damage.
The acid dragon is heavily wounded.
Your hound bites the acid dragon.
You hit the acid dragon but do no damage.
The acid dragon is heavily wounded.
Your hound closely misses the acid dragon.
The acid dragon bites you! The acid dragon barely misses you.
You hit the acid dragon but do no damage.
The acid dragon is heavily wounded.
Your hound closely misses the acid dragon.
The acid dragon spits acid at you. The splash of acid misses you.
You feel better.
Your hound bites the acid dragon but does no damage.
Your hound barely misses the acid dragon.
The acid dragon spits acid at you. The splash of acid hits you!!
Ouch! That really hurt!
You die...

####......#
>.........# ####
#....#.########
##...#
#..............
..#..#####.......###
#....## #.###<..#
##.....###.# #####
#.....h.##.#
#....@D....#
#....).....#
##:.....#..#
##...##...#########
#####......lu....#
#...##..###.##O#
....$#...# #.##.#
.......... #.##.###
######...###...l...


You could see an acid dragon (catching breath, ally target) and a friendly hound
(summoned).

Vanquished Creatures
  A scorpion (D:5)
  An orc priest (D:5)
  4 iguanas
  An orc wizard (D:4)
  3 adders
  An orc (D:5)
  A bat (D:1)
  2 giant cockroaches (D:2)
  2 hobgoblins (D:1)
  2 quokkas
  2 frilled lizards
  A kobold (D:4)
21 creatures vanquished.

Vanquished Creatures (collateral kills)
  A water moccasin (D:5)
  An ogre (D:6)
  A phantom (D:5)
  A gnoll sergeant (D:5)
  A necrophage (D:5)
  2 orc priests
  A jelly (D:2)
  2 hounds (D:5)
  2 orc wizards (D:5)
  10 gnolls
  3 adders
  A white imp (D:5)
  3 dart slugs
  16 orcs
  10 endoplasms
  A giant cockroach (D:1)
  7 goblins
  A hobgoblin (D:1)
  A nameless horror (D:5)
  A quokka (D:2)
  8 ball pythons
  7 bats
  3 frilled lizards (D:1)
  5 kobolds
  2 rats
91 creatures vanquished.

Vanquished Creatures (others)
  27 withered plants (D:3)
27 creatures vanquished.

Grand Total: 139 creatures vanquished

Notes
Turn   | Place    | Note
-------+----------+-------------------------------------------
     0 | D:1      | Heoruswealwe the Deep Elf Summoner began the quest for the
                  | Orb.
     0 | D:1      | Reached XP level 1. HP: 10/10 MP: 6/6
   168 | D:1      | Reached XP level 2. HP: 12/15 MP: 6/8
   599 | D:1      | Gained mutation: Your system is resistant to poisons.
                  | (rPois) [potion of mutation]
   599 | D:1      | Gained mutation: You have a pair of small antennae on your
                  | head. [potion of mutation]
   599 | D:1      | Gained mutation: Your body sometimes deteriorates upon
                  | taking damage. [potion of mutation]
  1082 | D:2      | Reached XP level 3. HP: 20/20 MP: 3/9
  1086 | D:2      | Learned a level 3 spell: Call Canine Familiar
  1473 | D:2      | Reached XP level 4. HP: 24/24 MP: 11/11
  1580 | D:2      | Reached skill level 1 in Air Magic
  1725 | D:1      | You fall into a shaft and drop 1 floor!
  1892 | D:3      | Reached skill level 1 in Ice Magic
  1948 | D:3      | Reached XP level 5. HP: 3/28 MP: 8/12
  1958 | D:3      | Found a faded altar of an unknown god.
  2049 | D:3      | Prayed at the altar of an unknown god.
  2049 | D:3      | Became a worshipper of Elyvilon the Healer
  2049 | D:3      | Reached * piety under Elyvilon
  2107 | D:3      | Reached skill level 1 in Translocations
  2175 | D:3      | Found a shimmering blue altar of Sif Muna.
  2212 | D:3      | Fell from the grace of Elyvilon
  2212 | D:3      | Became a worshipper of Sif Muna the Loreminder
  2286 | D:1      | Lost mutation: Your system is resistant to poisons. (rPois)
                  | [potion of mutation]
  2286 | D:1      | Lost mutation: Your body sometimes deteriorates upon taking
                  | damage. [potion of mutation]
  2286 | D:1      | Lost mutation: You have a pair of small antennae on your
                  | head. [potion of mutation]
  2286 | D:1      | Gained mutation: Your flesh is heat resistant. (rF+)
                  | [potion of mutation]
  2286 | D:1      | Gained mutation: You are robust. (+10% HP) [potion of
                  | mutation]
  2286 | D:1      | Gained mutation: You are partially covered in iridescent
                  | scales. (AC +2) [potion of mutation]
  2639 | D:3      | Lost mutation: You are partially covered in iridescent
                  | scales. (AC +2) [potion of mutation]
  2639 | D:3      | Lost mutation: You are robust. (+10% HP) [potion of
                  | mutation]
  2639 | D:3      | Gained mutation: Your system is resistant to poisons.
                  | (rPois) [potion of mutation]
  2639 | D:3      | Gained mutation: Your magical capacity is low. (-10% MP)
                  | [potion of mutation]
  2639 | D:3      | Gained mutation: You are partially covered in iridescent
                  | scales. (AC +2) [potion of mutation]
  2775 | D:4      | Reached skill level 1 in Conjurations
  2775 | D:4      | Reached skill level 1 in Necromancy
  2775 | D:4      | Reached skill level 1 in Poison Magic
  2868 | D:4      | Reached skill level 1 in Earth Magic
  3032 | D:4      | Reached skill level 1 in Fire Magic
  3177 | D:4      | Found a staircase to the Ecumenical Temple.
  3234 | D:4      | Reached skill level 1 in Transmutations
  3269 | D:4      | Found a stormy altar of Qazlal.
  3360 | D:4      | Reached skill level 1 in Hexes
  3360 | D:4      | Reached skill level 1 in Invocations
  3360 | D:4      | Reached XP level 6. HP: 33/33 MP: 6/12
  3517 | D:4      | Found a hide-covered altar of Uskayaw.
  3782 | Temple   | Entered the Ecumenical Temple
  4404 | D:5      | Entered Level 5 of the Dungeon
  4441 | D:5      | Reached skill level 1 in Evocations
  4579 | D:5      | Reached skill level 1 in Fighting
  4579 | D:5      | Reached skill level 5 in Summonings
  4775 | D:5      | Reached XP level 7. HP: 38/38 MP: 14/14
  4865 | D:5      | Reached skill level 1 in Long Blades
  5024 | D:5      | Reached * piety under Sif Muna
  5505 | D:5      | Learned a level 2 spell: Ensorcelled Hibernation
  5508 | D:5      | Learned a level 2 spell: Passwall
  5651 | D:6      | Found a sacrificial altar of Ru.
  5956 | D:6      | Noticed a purple ugly thing
  5960 | D:6      | Noticed a two-headed ogre
  6057 | D:6      | Reached XP level 8. HP: 43/43 MP: 13/15
  6075 | D:6      | Killed from afar by an acid dragon

Illustrated notes

Levels and vault maps discovered:
D:1:      lemuel_arrival_behind_the_door_small, layout_basic
D:2:      layout_loops_ring
D:3:      layout_basic, mainiacjoe_overflow_small_starburst,
          shapermc_ecumenical_altar_flowoftime
D:4:      layout_basic, kennysheep_little_box, mainiacjoe_overflow_alcove_2,
          minmay_temple_entry_grid
D:5:      layout_rooms
D:6:      layout_loops_corners, mainiacjoe_overflow_catwalk, minmay_manual_moon
Temple:   nicolae_temple_bog_church

Skill      XL: |  1  2  3  4  5  6  7 |
---------------+----------------------+-----
Air Magic      | 1 |  1.8
Ice Magic      | 1 2 |  2.1
Translocations | 1 2 |  2.1
Conjurations   | 1 2 |  2.1
Necromancy     | 1 |  1.8
Poison Magic   | 1 2 |  2.1
Earth Magic    | 1 |  1.9
Fire Magic     | 1 2 |  2.0
Transmutations | 1 |  1.7
Dodging        | 3 |  3.4
Hexes          | 1 2 |  2.5
Invocations    | 1 |  1.7
Evocations     | 1 |  1.7
Fighting       | 1 |  1.4
Stealth        | 3 |  3.5
Summonings     | 5 |  5.5
Spellcasting   | 4 |  4.8
Long Blades    | 1 |  1.2

Action                   |  1- 3 |  4- 6 |  7- 9 || total
-------------------------+-------+-------+-------++-------
Melee: Dagger            |    41 |   113 |    59 ||   213
       Punch             |       |     2 |     1 ||     3
 Cast: Summon Small Mamm |    26 |     1 |     2 ||    29
       Call Canine Famil |     2 |    24 |    19 ||    45
  Use: Scroll            |     7 |     8 |       ||    15
       Potion            |     2 |     3 |     3 ||     8
 Stab: Distracted        |     1 |       |     1 ||     2
       Sleeping          |       |     1 |       ||     1
Armor: Robe              |    28 |    29 |    15 ||    72
Dodge: Dodged            |    41 |    40 |    51 ||   132
